| TOP OF THE 1ST |
|
Milwaukee Brewers batting - Pitching for Cincinnati Reds : RHP Ryan Sobocinski
|
|
Pitching: RHP Ryan Sobocinski
|
|
|
Batting: LHB Eric Klasek
|
0-0: Ball 1-0: Ball 2-0: Ball 3-0: Base on Balls
|
|
Batting: RHB Akitada Nishizawa
|
0-0: Ball 1-0: Foul Ball, location: 2F 1-1: Ball 2-1: Swinging Strike 2-2: Fly out, F3 (Popup, 3SF, EV 81.9 MPH)
|
|
Batting: LHB Ernesto Cedillos
|
0-0: Fly out, F7 (Flyball, 7S, EV 74.4 MPH)
|
|
Batting: SHB Junzo Kato
|
0-0: Called Strike 0-1: SINGLE (Groundball, 4D, EV 96.9 MPH) Eric Klasek to second Runner from 2nd tries for 3rd, SAFE, throw by CF made to third
|
|
Batting: RHB Dave Gonzalez
|
0-0: Ball 1-0: Foul Ball, location: 2F 1-1: Swinging Strike 1-2: Foul Ball, location: 2F 1-2: Ball 2-2: Fielders Choice at 2nd, 6-4 (Groundball, 56, EV 98.1 MPH)
|
| Top of the 1st over - 0 runs, 1 hit, 0 errors, 2 left on base; Milwaukee 0 - Cincinnati 0 |
| BOTTOM OF THE 1ST |
|
Cincinnati Reds batting - Pitching for Milwaukee Brewers : RHP Victor Munoz
|
|
Pitching: RHP Victor Munoz
|
|
|
Batting: LHB Ricky Ayon
|
0-0: Ball 1-0: Ball 2-0: Ball 3-0: Base on Balls
|
|
Batting: SHB Dave Barefoot
|
0-0: Called Strike 0-1: Ball Ricky Ayon steals 2nd base 1-1: Called Strike 1-2: Foul Ball, location: 2F 1-2: Foul Ball, location: 2F 1-2: Strikes out looking
|
|
Batting: RHB Willie Lazcano
|
0-0: Called Strike 0-1: Ball 1-1: Ball 2-1: Ball 3-1: SINGLE (Groundball, 34D, EV 98.8 MPH) Ricky Ayon to third Runner from 3rd tries for Home, SAFE, throw by RF to home
|
|
Batting: RHB Fred Slade
|
0-0: Called Strike Willie Lazcano steals 2nd base 0-1: Foul Ball, location: 2F 0-2: Foul Ball, location: 2F 0-2: Ball 1-2: Ball 2-2: Ball 3-2: Hit by Pitch
|
|
Pinch Runner at 1st Joseph Kirchmann:
|
|
|
Batting: RHB Omar Quintana
|
0-0: Ball 1-0: Ball 2-0: Called Strike 2-1: Foul Ball, location: 2F 2-2: Foul Ball, location: 2F 2-2: SINGLE (Line Drive, 8RS, EV 110.0 MPH) Willie Lazcano to third Joseph Kirchmann to second Runner from 3rd tries for Home, throw by CF and OUT! 8-2
|
|
Batting: RHB Steve Castleberry
|
0-0: Foul Ball, location: 2F 0-1: Foul Ball, location: 2F 0-2: Strikes out swinging
|
| Bottom of the 1st over - 1 run, 2 hits, 0 errors, 2 left on base; Milwaukee 0 - Cincinnati 1 |
| TOP OF THE 2ND |
|
Milwaukee Brewers batting - Pitching for Cincinnati Reds : RHP Ryan Sobocinski
|
|
Now in LF: Joseph Kirchmann
|
|
|
Batting: LHB Alfredo de la Cruz
|
0-0: Ball 1-0: Swinging Strike 1-1: Ball 2-1: Called Strike 2-2: Foul Ball, location: 2F 2-2: Ball 3-2: Strikes out swinging
|
|
Batting: RHB Ryan Neal
|
0-0: Ball 1-0: Foul Ball, location: 2F 1-1: Ball 2-1: Foul Ball, location: 2F 2-2: Fly out, F3 (Line Drive, 3L, EV 61.9 MPH)
|
|
Batting: RHB Kisho Ito
|
0-0: Called Strike 0-1: Ball 1-1: Ball 2-1: Foul Ball, location: 2F 2-2: Strikes out swinging
|
| Top of the 2nd over - 0 runs, 0 hits, 0 errors, 0 left on base; Milwaukee 0 - Cincinnati 1 |
| BOTTOM OF THE 2ND |
|
Cincinnati Reds batting - Pitching for Milwaukee Brewers : RHP Victor Munoz
|
|
Batting: RHB Mike Alm
|
0-0: Ball 1-0: Ball 2-0: Called Strike 2-1: Foul Ball, location: 2F 2-2: Foul Ball, location: 2F 2-2: Ball 3-2: Base on Balls
|
|
Batting: LHB Jon Ledesma
|
0-0: Fielders Choice at 2nd, 3-6 (Groundball, 3S, EV 81.2 MPH)
|
|
Batting: SHB Saulo Maina
|
Pickoff Throw to First - Out! 1-3 0-0: Ball 1-0: Fly out, F9 (Flyball, 89S, EV 90.6 MPH)
|
| Bottom of the 2nd over - 0 runs, 0 hits, 0 errors, 0 left on base; Milwaukee 0 - Cincinnati 1 |
| TOP OF THE 3RD |
|
Milwaukee Brewers batting - Pitching for Cincinnati Reds : RHP Ryan Sobocinski
|
|
Batting: RHB Ben Campbell
|
0-0: SINGLE (Groundball, 56D, EV 101.9 MPH)
|
|
Batting: LHB Eric Klasek
|
0-0: Called Strike 0-1: Foul Ball, location: 2F 0-2: Ball 1-2: Ball 2-2: Foul Ball, location: 2F 2-2: Strikes out swinging
|
|
Batting: RHB Akitada Nishizawa
|
0-0: Ball Wild Pitch! Ben Campbell to second 1-0: Foul Ball, location: 2F 1-1: Foul Ball, location: 2F 1-2: Ball 2-2: Foul Ball, location: 2F 2-2: Foul Ball, location: 2F 2-2: Ball 3-2: Strikes out swinging
|
|
Batting: LHB Ernesto Cedillos
|
0-0: Swinging Strike 0-1: Ball 1-1: Foul Ball, location: 2F 1-2: Ball 2-2: Ball 3-2: SINGLE (Line Drive, 8RS, EV 105.6 MPH) Ben Campbell to third
|
|
Batting: SHB Junzo Kato
|
0-0: Called Strike 0-1: Fly out, F7 (Flyball, 7, EV 83.8 MPH)
|
| Top of the 3rd over - 0 runs, 2 hits, 0 errors, 2 left on base; Milwaukee 0 - Cincinnati 1 |
| BOTTOM OF THE 3RD |
|
Cincinnati Reds batting - Pitching for Milwaukee Brewers : RHP Victor Munoz
|
|
Batting: LHB Ricky Ayon
|
0-0: SINGLE (Groundball, 6MS, EV 79.4 MPH) (infield hit)
|
|
Batting: SHB Dave Barefoot
|
0-0: Ball 1-0: Ball Ricky Ayon is caught stealing 2nd base 2-6 2-0: SOLO HOME RUN (Line Drive, 89XD, EV 100.0 MPH), Distance : 392 ft
|
|
Batting: RHB Willie Lazcano
|
0-0: Called Strike 0-1: Ball 1-1: Foul Ball, location: 2F 1-2: Foul Ball, location: 2F 1-2: Ball 2-2: Strikes out swinging
|
|
Batting: RHB Joseph Kirchmann
|
0-0: Ball 1-0: Swinging Strike 1-1: Called Strike 1-2: Strikes out swinging
|
| Bottom of the 3rd over - 1 run, 2 hits, 0 errors, 0 left on base; Milwaukee 0 - Cincinnati 2 |
| TOP OF THE 4TH |
|
Milwaukee Brewers batting - Pitching for Cincinnati Reds : RHP Ryan Sobocinski
|
|
Batting: RHB Dave Gonzalez
|
0-0: Called Strike 0-1: Ball 1-1: SINGLE (Flyball, 8RS, EV 93.1 MPH)
|
|
Batting: LHB Alfredo de la Cruz
|
0-0: Ball 1-0: Ball 2-0: Ball 3-0: SINGLE (Line Drive, 89S, EV 107.5 MPH) Dave Gonzalez to second
|
|
Batting: RHB Ryan Neal
|
0-0: Called Strike 0-1: Ball 1-1: Ball 2-1: Foul Ball, location: 2F 2-2: Ball 3-2: Foul Ball, location: 2F 3-2: Base on Balls Dave Gonzalez to third Alfredo de la Cruz to second
|
|
Batting: RHB Kisho Ito
|
0-0: Grounds into fielders choice 4-2 (Groundball, P, EV 90.0 MPH) Alfredo de la Cruz to third Ryan Neal to second
|
|
Batting: RHB Ben Campbell
|
0-0: Ball 1-0: Grounds into double play, 6-2-3 (Groundball, 6, EV 81.2 MPH)
|
| Top of the 4th over - 0 runs, 2 hits, 0 errors, 2 left on base; Milwaukee 0 - Cincinnati 2 |
| BOTTOM OF THE 4TH |
|
Cincinnati Reds batting - Pitching for Milwaukee Brewers : RHP Victor Munoz
|
|
Batting: RHB Omar Quintana
|
0-0: Called Strike 0-1: Called Strike 0-2: Foul Ball, location: 2F 0-2: Strikes out looking
|
|
Batting: RHB Steve Castleberry
|
0-0: Ball 1-0: Foul Ball, location: 2F 1-1: Ball 2-1: Ball 3-1: SINGLE (Groundball, 4MD, EV 106.2 MPH)
|
|
Batting: RHB Mike Alm
|
0-0: Called Strike 0-1: Ball 1-1: Foul Ball, location: 2F 1-2: TRIPLE (Flyball, 89XD, EV 115.0 MPH) Steve Castleberry scores
|
|
Batting: LHB Jon Ledesma
|
0-0: Ball 1-0: Fly out, F8 (Flyball, 78D, EV 105.0 MPH) Runner from 3rd tags up, OUT at HOME! 8-2
|
| Bottom of the 4th over - 1 run, 2 hits, 0 errors, 0 left on base; Milwaukee 0 - Cincinnati 3 |
| TOP OF THE 5TH |
|
Milwaukee Brewers batting - Pitching for Cincinnati Reds : RHP Ryan Sobocinski
|
|
Batting: LHB Eric Klasek
|
0-0: Ball 1-0: Reached via error on a dropped throw from 1B, E1 (Groundball, 34S, EV 70.0 MPH)
|
|
Batting: RHB Akitada Nishizawa
|
0-0: Called Strike Eric Klasek is caught stealing 2nd base 2-4 0-1: Ball 1-1: Foul Ball, location: 2F 1-2: Ball 2-2: SOLO HOME RUN (Line Drive, 78XD, EV 108.8 MPH), Distance : 413 ft
|
|
Batting: LHB Ernesto Cedillos
|
0-0: Ball 1-0: Ball 2-0: Ball 3-0: Called Strike 3-1: Foul Ball, location: 2F 3-2: SINGLE (Groundball, 4S, EV 92.5 MPH) (infield hit)
|
|
Batting: SHB Junzo Kato
|
0-0: Ball 1-0: Called Strike 1-1: Foul Ball, location: 2F 1-2: Strikes out swinging
|
|
Batting: RHB Dave Gonzalez
|
0-0: Called Strike 0-1: Ball Wild Pitch! Ernesto Cedillos to second 1-1: Fly out, F7 (Flyball, 78S, EV 90.6 MPH)
|
| Top of the 5th over - 1 run, 2 hits, 1 error, 1 left on base; Milwaukee 1 - Cincinnati 3 |
| BOTTOM OF THE 5TH |
|
Cincinnati Reds batting - Pitching for Milwaukee Brewers : RHP Victor Munoz
|
|
Batting: SHB Saulo Maina
|
0-0: SINGLE (Groundball, 3S, EV 66.2 MPH) (infield hit)
|
|
Batting: LHB Ricky Ayon
|
0-0: Ball 1-0: Ball 2-0: SINGLE (Groundball, 34D, EV 101.2 MPH) (infield hit) Saulo Maina to second
|
|
Batting: SHB Dave Barefoot
|
0-0: Grounds into double play, U5-3 (Groundball, 5L, EV 87.5 MPH) Ricky Ayon to second
|
|
Batting: RHB Willie Lazcano
|
0-0: Foul Ball, location: 2F 0-1: Called Strike 0-2: Ball 1-2: Ball 2-2: Foul Ball, location: 2F 2-2: Strikes out looking
|
| Bottom of the 5th over - 0 runs, 2 hits, 0 errors, 1 left on base; Milwaukee 1 - Cincinnati 3 |
| TOP OF THE 6TH |
|
Milwaukee Brewers batting - Pitching for Cincinnati Reds : RHP Ryan Sobocinski
|
|
Batting: LHB Alfredo de la Cruz
|
0-0: Ball 1-0: SINGLE (Line Drive, 9LS, EV 90.6 MPH)
|
|
Batting: RHB Ryan Neal
|
0-0: Called Strike 0-1: Ball 1-1: SINGLE (Line Drive, 8LS, EV 94.4 MPH) Alfredo de la Cruz to second
|
|
Batting: RHB Kisho Ito
|
0-0: Grounds into double play, 5-4-3 (Groundball, 56S, EV 89.4 MPH) Alfredo de la Cruz to third
|
|
Batting: RHB Ben Campbell
|
0-0: Called Strike 0-1: Called Strike 0-2: Ball 1-2: Ball 2-2: Ground out 5-3 (Groundball, 56, EV 87.5 MPH)
|
| Top of the 6th over - 0 runs, 2 hits, 0 errors, 1 left on base; Milwaukee 1 - Cincinnati 3 |
| BOTTOM OF THE 6TH |
|
Cincinnati Reds batting - Pitching for Milwaukee Brewers : RHP Victor Munoz
|
|
Pitching: RHP Cody Autry
|
|
|
Batting: RHB Joseph Kirchmann
|
0-0: Called Strike 0-1: Ground out 6-3 (Groundball, 6, EV 83.8 MPH)
|
|
Batting: RHB Omar Quintana
|
0-0: Ball 1-0: Ball 2-0: Ball 3-0: Called Strike 3-1: Base on Balls
|
|
Batting: RHB Steve Castleberry
|
0-0: Ball 1-0: Ball 2-0: Ball 3-0: Foul Ball, location: 2F 3-1: Base on Balls Omar Quintana to second
|
|
Batting: RHB Mike Alm
|
0-0: Called Strike 0-1: Called Strike 0-2: Foul Ball, location: 2F 0-2: Ball 1-2: Fly out, F8 (Flyball, 8RXD, EV 89.4 MPH) Runner from 2nd tags up, SAFE at 3rd, no throw by CF
|
|
Batting: LHB Jon Ledesma
|
0-0: Ball 1-0: Foul Ball, location: 2F 1-1: Called Strike 1-2: Fly out, F7 (Flyball, 7, EV 76.2 MPH)
|
| Bottom of the 6th over - 0 runs, 0 hits, 0 errors, 2 left on base; Milwaukee 1 - Cincinnati 3 |
| TOP OF THE 7TH |
|
Milwaukee Brewers batting - Pitching for Cincinnati Reds : RHP Ryan Sobocinski
|
|
Batting: LHB Eric Klasek
|
0-0: Foul Ball, location: 2F 0-1: Ball 1-1: Ball 2-1: Swinging Strike 2-2: Ball 3-2: Ground out 5-3 (Groundball, 56, EV 80.6 MPH)
|
|
Pitching: RHP Justin Ambrose
|
|
|
Batting: RHB Akitada Nishizawa
|
0-0: Foul Ball, location: 2F 0-1: Ball 1-1: Swinging Strike 1-2: Ball 2-2: Foul Ball, location: 2F 2-2: Foul Ball, location: 2F 2-2: SINGLE (Groundball, 6MD, EV 103.8 MPH) (infield hit)
|
|
Batting: LHB Ernesto Cedillos
|
0-0: Swinging Strike 0-1: Foul Ball, location: 2F 0-2: Ball 1-2: Ball 2-2: Foul Ball, location: 2F 2-2: Strikes out swinging
|
|
Batting: SHB Junzo Kato
|
0-0: Fielders Choice at 2nd, 5-4 (Groundball, 56, EV 81.2 MPH)
|
| Top of the 7th over - 0 runs, 1 hit, 0 errors, 1 left on base; Milwaukee 1 - Cincinnati 3 |
| BOTTOM OF THE 7TH |
|
Cincinnati Reds batting - Pitching for Milwaukee Brewers : RHP Cody Autry
|
|
Batting: SHB Saulo Maina
|
0-0: Swinging Strike 0-1: DOUBLE (Line Drive, 89M, EV 106.9 MPH)
|
|
Batting: LHB Ricky Ayon
|
0-0: Ball 1-0: Sac Bunt to P - play at first, batter OUT! 1-3 Saulo Maina to third
|
|
Batting: SHB Dave Barefoot
|
0-0: Called Strike 0-1: Ball Wild Pitch! Saulo Maina scores 1-1: Ball 2-1: Ground out 4-3 (Groundball, 4S, EV 67.5 MPH)
|
|
Batting: RHB Willie Lazcano
|
0-0: Fly out, F9 (Line Drive, 9, EV 90.0 MPH)
|
| Bottom of the 7th over - 1 run, 1 hit, 0 errors, 0 left on base; Milwaukee 1 - Cincinnati 4 |
| TOP OF THE 8TH |
|
Milwaukee Brewers batting - Pitching for Cincinnati Reds : RHP Justin Ambrose
|
|
Pitching: RHP Ryan Terlizzi
|
|
|
Batting: RHB Dave Gonzalez
|
0-0: Ground out U3 (Groundball, 3L, EV 84.4 MPH)
|
|
Batting: LHB Alfredo de la Cruz
|
0-0: Called Strike 0-1: Ball 1-1: Called Strike 1-2: Ball 2-2: Strikes out swinging
|
|
Pinch Hitting: SHB Lewis Thorpe Jr.
|
0-0: Ball 1-0: Foul Ball, location: 2F 1-1: Ball 2-1: Ball 3-1: Fly out, F7 (Line Drive, 7S, EV 90.6 MPH)
|
| Top of the 8th over - 0 runs, 0 hits, 0 errors, 0 left on base; Milwaukee 1 - Cincinnati 4 |
| BOTTOM OF THE 8TH |
|
Cincinnati Reds batting - Pitching for Milwaukee Brewers : RHP Cody Autry
|
|
Now at 3B: Mike Ball
|
|
|
Batting: RHB Joseph Kirchmann
|
0-0: Ball 1-0: Called Strike 1-1: Foul Ball, location: 2F 1-2: Ground out 5-3 (Groundball, 5, EV 80.0 MPH)
|
|
Batting: RHB Omar Quintana
|
0-0: Ball 1-0: Foul Ball, location: 2F 1-1: SINGLE (Line Drive, 34D, EV 98.8 MPH)
|
|
Batting: RHB Steve Castleberry
|
0-0: Ball 1-0: SINGLE (Groundball, 6MD, EV 108.8 MPH) Omar Quintana to second
|
|
Batting: RHB Mike Alm
|
0-0: Ball 1-0: Ball 2-0: Called Strike 2-1: Swinging Strike 2-2: Grounds into double play, 5-4-3 (Groundball, 56, EV 103.8 MPH)
|
| Bottom of the 8th over - 0 runs, 2 hits, 0 errors, 1 left on base; Milwaukee 1 - Cincinnati 4 |
| TOP OF THE 9TH |
|
Milwaukee Brewers batting - Pitching for Cincinnati Reds : RHP Ryan Terlizzi
|
|
Pitching: RHP Junpei Yamazaki
|
|
|
Batting: RHB Kisho Ito
|
0-0: Ball 1-0: Swinging Strike 1-1: Foul Ball, location: 2F 1-2: Strikes out swinging
|
|
Batting: RHB Ben Campbell
|
0-0: Foul Ball, location: 2F 0-1: Foul Ball, location: 2F 0-2: Ball 1-2: Fly out, F9 (Flyball, 9D, EV 108.8 MPH)
|
|
Batting: LHB Eric Klasek
|
0-0: Ball 1-0: Called Strike 1-1: Foul Ball, location: 2F 1-2: Ball 2-2: Ball 3-2: Base on Balls
|
|
Batting: RHB Akitada Nishizawa
|
0-0: Ball 1-0: Foul Ball, location: 2F 1-1: Foul Ball, location: 2F 1-2: Fly out, F7 (Flyball, 78D, EV 103.1 MPH)
|
| Top of the 9th over - 0 runs, 0 hits, 0 errors, 1 left on base; Milwaukee 1 - Cincinnati 4 |
|